Map: Hecate LE

Players

demzi - Winner!

  • Race: Zerg Zerg
  • Spawn Location: 1:00

Maxbel

  • Race: Terran Terran
  • League: Gold
  • Spawn Location: 7:00

VOD

Have the link to the VOD?

Description

Time

  • Played on: March 24, 2024, 7:11 a.m.
  • Length: 8:11
Show
View Real Time Build Order
Export as new Build Order

demzi Zerg - Winner!

Build Orders: Hatch First 

Get SALT Encoding   

  12  0:00  Drone  
  13  0:13  Overlord  
  13  0:17  Drone  
  14  0:31  Drone x2  
  16  0:49  Hatchery  
  15  0:51  Drone  
  15  0:56  Drone  
  17  1:00  Drone  
  18  1:09  Extractor  
  17  1:16  Spawning Pool  
  16  1:19  Drone  
  16  1:22  Drone  
  18  1:28  Drone  
  19  1:39  Drone  
  20  1:50  Overlord  
  20  2:04  Queen x2  
  20  2:05  Zergling x4  
  26  2:13  Drone  
  26  2:14  Drone  
  28  2:16  Metabolic Boost  
  28  2:22  Drone  
  29  2:23  Drone  
  30  2:32  Drone  
  30  2:33  Drone  
  32  2:46  Overlord  
  32  2:49  Hatchery  
  32  2:53  Hatchery  
  32  2:58  Queen  
  31  3:11  Queen  
  31  3:12  Overlord  
  33  3:16  Drone x4  
  33  3:18  Drone  
  38  3:27  Drone  
  38  3:28  Drone x3  
  38  3:34  Extractor, Drone x2  
  42  3:35  Drone, Extractor  
  43  3:50  Drone x3  
  46  3:56  Drone x5  
  46  4:00  Drone  
  52  4:03  Overlord  
  56  4:24  Drone x10  
  56  4:27  Overlord  
  62  4:31  Lair  
  62  4:36  Drone x2  
  62  4:37  Drone, Evolution Chamber  
  64  4:40  Queen  
  66  4:55  Drone  
  66  4:57  Drone, Extractor  
  66  4:58  Drone x3, Extractor  
  66  4:59  Drone x2  
  71  5:00  Drone x3  
  71  5:01  Overlord  
  71  5:04  Zerg Missile Weapons Level 1  
  74  5:08  Roach Warren  
  74  5:10  Evolution Chamber  
  72  5:32  Overlord x4  
  72  5:36  Zergling x18  
  81  5:51  Glial Reconstitution  
  81  5:53  Zerg Ground Armor Level 1  
  81  5:57  Roach x5  
  87  6:19  Roach x4  
  87  6:20  Roach x6  
  107  6:30  Hatchery  
  100  6:42  Roach x7  
  100  6:44  Overlord  
  100  6:45  Overlord x5  
  114  7:04  Overlord x3  
  114  7:06  Roach x3  
  120  7:13  Hydralisk Den  
  119  7:16  Drone x10  
  119  7:18  Ravager x5  
  119  7:19  Ravager  
  135  7:33  Overlord x3  
  135  7:37  Roach x3  
  135  7:43  Drone x4  
  135  7:44  Drone x2  
  149  7:47  Extractor  
  149  7:49  Extractor  
Show
View Real Time Build Order
Export as new Build Order

Maxbel Terran 

Build Orders:  

Get SALT Encoding   

  12  0:01  SCV  
  13  0:13  SCV  
  14  0:18  Supply Depot  
  14  0:30  SCV  
  15  0:43  Barracks  
  15  0:44  SCV  
  15  0:49  Refinery  
  16  0:56  SCV  
  17  1:08  SCV  
  18  1:21  SCV  
  19  1:33  SCV  
  19  1:36  Command Center  
  21  1:45  SCV, Refinery  
  22  1:57  Orbital Command  
  22  2:05  Reaper  
  22  2:16  Factory  
  22  2:22  SCV  
  23  2:49  Supply Depot  
  23  2:51  Supply Depot  
  24  3:01  Supply Depot  
  22  3:08  SCV  
  23  3:16  Factory Reactor  
  23  3:17  Barracks Tech Lab  
  22  3:20  Command Center, SCV  
  22  3:21  SCV  
  22  3:25  Supply Depot  
  24  3:33  SCV  
  25  3:35  Orbital Command  
  25  3:45  SCV  
  26  3:50  Starport  
  26  3:53  Combat Shield  
  26  3:57  Hellion  
  26  4:00  SCV  
  29  4:06  SCV  
  30  4:12  SCV  
  31  4:19  SCV  
  31  4:23  Hellion  
  31  4:24  Hellion, SCV  
  36  4:25  Marine  
  36  4:28  Starport Reactor  
  37  4:36  Barracks  
  37  4:39  Orbital Command  
  37  4:46  SCV x2  
  39  4:58  SCV  
  39  4:59  SCV  
  41  5:04  Marine  
  41  5:06  Widow Mine x2  
  46  5:07  Medivac x2  
  46  5:13  SCV  
  51  5:15  SCV, Refinery  
  52  5:22  Marine  
  52  5:25  SCV  
  52  5:27  SCV  
  56  5:29  Barracks Reactor  
  55  5:38  SCV  
  55  5:39  SCV  
  55  5:40  Marine  
  58  5:47  Refinery  
  58  5:49  Medivac x2  
  62  5:50  SCV  
  62  5:52  SCV  
  62  5:58  Marine  
  61  6:14  Marine x2  
  61  6:16  Marine  
  62  6:20  Stimpack  
  62  6:22  Medivac x2  
  66  6:32  Marine x2  
  66  6:33  Marine, SCV x2  
  67  6:45  SCV  
  68  6:49  Orbital Command  
  68  6:50  Marine x2, SCV  
  68  6:52  Barracks  
  71  6:56  Barracks  
  71  6:57  SCV  
  71  6:59  Engineering Bay  
  72  7:01  Engineering Bay  
  72  7:02  SCV  
  72  7:05  Medivac x2  
  72  7:07  Marine, Marauder  
  72  7:08  Marine  
  81  7:15  SCV x2  
  82  7:16  SCV  
  84  7:25  Marine  
  85  7:41  Supply Depot x2  
  85  7:45  Barracks Reactor  
  85  7:46  Barracks Reactor, Supply Depot  
  85  7:51  Marine  
  84  7:52  SCV  
  84  7:54  SCV  
Tags
 
League
Gold
Matchup
TvZ
Replay Pack
Multiplayer
Spawn Locations
Cross Positions
Add a new tag
Caveats
  • Supply blocks, unpowered buildings, or Contaminate may cause inaccurate times.
  • Supply counts are checked every 10 seconds.